 Dungeon Crawl Stone Soup version 0.31-a0-963-ga325b2283a (webtiles) character file.

Game seed: 1348323812495259250

132 IndexError the Conjurer (level 4, 0/30 HPs)
             Began as a Demonspawn Conjurer on Oct 25, 2023.
             Was a Follower of Dithmenos.
             Killed by divine providence
             ... invoked by an orc priest
              (14 damage)
             ... on level 3 of the Dungeon.
             The game lasted 00:03:14 (2498 turns).

IndexError the Conjurer (Demonspawn Conjurer)       Turns: 2498, Time: 00:03:15

Health: 0/30       AC:  3    Str:  7    XL:     4   Next: 92%
Magic:  1/9        EV: 12    Int: 21    God:    Dithmenos [*.....]
Gold:   175        SH:  4    Dex: 12    Spells: 7/10 levels left

rFire   . . .        h - +2 whip (elec)
rCold   . . .        (no shield)
rNeg    . . .        a - +0 robe
rPois   .            (no helmet)
rElec   .            (no cloak)
rCorr   .            (no gloves)
SInv    .            e - +0 pair of boots
Will    .....        (no amulet)
Stlth   ++           (no ring)
HPRegen 0.25/turn    (no ring)
MPRegen 0.11/turn

%: no passive effects
@: wreathed by umbra
A: condensation shield, demonic touch 2
a: Renounce Religion


You were on level 3 of the Dungeon.
You worshipped Dithmenos.
Dithmenos was aware of your devotion.
You visited 1 branch of the dungeon, and saw 3 of its levels.

You collected 175 gold pieces.

Inventory:

Hand Weapons
 h - a +2 whip of electrocution (weapon)
   (You took it off a kobold on level 1 of the Dungeon)
Armour
 a - a +0 robe (worn)
 e - a +0 pair of boots (worn)
   (You found it on level 1 of the Dungeon)
Jewellery
 k - a ring of flight {+Fly, !d}
   (You found it on level 2 of the Dungeon)
Scrolls
 c - a scroll of torment {unknown}
 d - 4 scrolls of identify {unknown}
 l - a scroll of revelation {unknown}
 p - a scroll of enchant armour {unknown}
 q - a scroll of immolation {unknown}
Potions
 b - a potion of magic
 f - 2 potions of might {unknown}
 g - a potion of brilliance {unknown}
 i - a potion of attraction {unknown}
 j - a potion of mutation {unknown}
 m - a potion of curing {unknown}
 n - a potion of enlightenment {unknown}
 o - a potion of experience {unknown}


   Skills:
 - Level 1.7 Dodging
 - Level 1.7 Stealth
 + Level 3.6 Spellcasting
 + Level 5.2 Conjurations


You had 7 spell levels left.
You knew the following spells:

 Your Spells              Type           Power      Damage    Failure   Level
a - Magic Dart            Conj           100%       1d8       1%          1
b - Searing Ray           Conj           50%        2d6       2%          2

Your spell library contained the following spells:

 Spells                   Type           Power      Damage    Failure   Level
 Dazzling Flash           Conj/Hex       28%        N/A       13%         3
 Fulminant Prism          Conj/Hex       7%         3d7       38%         4
 Iskenderun's Mystic Bla  Conj/Tloc      14%        2d5       38%         4


Dungeon Overview and Level Annotations

Branches:
Dungeon (3/15)

Altars:
Dithmenos

Annotations:
D:1 2 transporters


Innate Abilities, Weirdness & Mutations

A meltable shield of frost defends you. (SH +4)
Your touch may inflict irresistible damage on your foes.


Message History

You can't see any susceptible monsters within range! (Use Z to cast anyway.)
You can't see any susceptible monsters within range! (Use Z to cast anyway.)
You can't see any susceptible monsters within range! (Use Z to cast anyway.) Health restored: 30
Casting: Magic Dart (safe; 1% risk of failure)
Confirm with . or Enter, or press ? or * to list all spells.
Aiming: Searing Ray (safe; 2% risk of failure)
Press: ? - help, Shift-Dir - straight line, f/p - gnoll
Aim: a gnoll, wielding a +0 club (82% to hit)
The searing ray hits the gnoll! (Press . to maintain the ray.)
You now have 2/8 mp.
The searing ray hits the gnoll!
Dithmenos accepts your kill.
Your Conjurations skill increases to level 5!
You now have 1/8 mp.
You now have 0/8 mp.
A gnoll comes into view. It is wielding a +0 vampiric halberd.
You regained 7 mp, and now have 7/8 mp.
The magic dart hits the gnoll.
The gnoll shouts!
You now have 6/8 mp.
The magic dart hits the gnoll.
A gnoll comes into view. It is wielding a +0 flail.
You now have 5/8 mp.
The magic dart hits the gnoll.
The gnoll shouts!
You now have 4/8 mp.
The magic dart hits the gnoll.
Dithmenos accepts your kill.
You now have 3/9 mp.
The magic dart hits the gnoll.
You now have 2/9 mp.
The magic dart hits the gnoll!
Dithmenos accepts your kill.
You now have 1/9 mp.
You can't see any susceptible monsters within range! (Use Z to cast anyway.)
A bat comes into view.
You regained 2 mp, and now have 3/9 mp.
A bat is nearby!
The magic dart hits the bat.
Dithmenos accepts your kill.
You now have 2/9 mp.
You can't see any susceptible monsters within range! (Use Z to cast anyway.)
You can't see any susceptible monsters within range! (Use Z to cast anyway.)
You see here a +0 vampiric halberd {!w}.
MP restored: 9 You see here a +0 club.
You see here a +0 flail.
You now have 175 gold pieces (gained 14).
q - a scroll labelled TIOMOG IRAWU You open the door.
There is an open door here.
An orc wizard and an orc come into view.
An orc priest comes into view. It is wielding a +0 hand axe.
The magic dart hits the orc wizard.
The orc wizard shouts!
The orc priest shouts!
The orc shouts!
The orc priest calls upon Beogh to heal the orc wizard.
The orc wizard's wounds heal themselves!
You now have 8/9 mp.
The magic dart hits the orc but does no damage.
The magic dart hits the orc.
You now have 7/9 mp.
The magic dart hits the orc.
The orc hits you with a +0 flail!
You take 8 damage, and have 22/30 hp.
MASSIVE DAMAGE!!
You now have 6/9 mp.
The magic dart hits the orc.
Dithmenos accepts your kill.
You now have 5/9 mp.
Casting: Magic Dart (safe; 1% risk of failure)
Confirm with . or Enter, or press ? or * to list all spells.
Aiming: Searing Ray (safe; 2% risk of failure)
Press: ? - help, Shift-Dir - straight line, f - orc wizard
Aim: an orc wizard, wielding a +0 dagger and wearing a +0 robe (74% to hit)
The searing ray hits the orc wizard! (Press . to maintain the ray.)
You now have 3/9 mp.
The searing ray hits the orc wizard!
Dithmenos accepts your kill.
You now have 2/9 mp.
An orc priest is nearby!
Things that are here:
a +0 dagger; a +0 robe; an orc corpse You start resting.
An orc priest is nearby!
Casting: Searing Ray (safe; 2% risk of failure)
Confirm with . or Enter, or press ? or * to list all spells.
Aiming: Searing Ray (safe; 2% risk of failure)
Press: ? - help, Shift-Dir - straight line, f - orc priest
Aim: an orc priest, wielding a +0 hand axe (79% to hit)
The searing ray hits the orc priest. (Press . to maintain the ray.)
The orc priest invokes the aid of Beogh against you.
Beogh smites you!
You take 12 damage, and have 14/30 hp.
MASSIVE DAMAGE!!
You now have 1/9 mp.
The searing ray hits the orc priest!
You now have 0/9 mp.
Without enough magic to sustain it, your searing ray dissipates.
The orc priest calls down the wrath of Beogh upon you.
Beogh smites you!
You die...

...†..###..##.#.#..##..###..#.#..
.................................
#####.####.##.###################
#.#######.#### #.##.........#
#.##.........# ########.....#
#^.......#### #.#####..o)@#
######)##.# #....#.##.#
#....#.##.# ###.#
##.#....#.##.#......
.......<#.##....?...
..#.....#....#....).
+....o.o...#....## #..o.o#....#
####


You could see an orc priest.

Vanquished Creatures
  An orc wizard (D:3)
  5 gnolls
  An adder (D:3)
  3 worms (D:3)
  An orc (D:3)
  A bat (D:3)
  4 endoplasms
  A giant cockroach (D:2)
  3 goblins
  4 hobgoblins
  4 jackals
  9 kobolds
  A ball python (D:2)
  2 frilled lizards
  3 rats
43 creatures vanquished.

Notes
Turn   | Place    | Note
-------+----------+-------------------------------------------
     0 | D:1      | IndexError the Demonspawn Conjurer began the quest for the
                  | Orb.
     0 | D:1      | Reached XP level 1. HP: 13/13 MP: 3/3
   362 | D:1      | Gained mutation: Your touch may inflict minor irresistible
                  | damage on your foes. [demonic ancestry]
   362 | D:1      | Reached XP level 2. HP: 19/19 MP: 0/5
   364 | D:1      | HP: 4/19 [gnoll/+0 club (8)]
   549 | D:1      | Gained mutation: A meltable shield of frost defends you.
                  | (SH +4) [demonic ancestry]
   549 | D:1      | Reached XP level 3. HP: 24/24 MP: 4/7
  1524 | D:2      | Reached skill level 3 in Spellcasting
  1722 | D:2      | Found a faded altar of an unknown god.
  1782 | D:2      | Prayed at the altar of an unknown god.
  1782 | D:2      | Became a worshipper of Dithmenos the Shadowed
  1782 | D:2      | Reached * piety under Dithmenos
  1977 | D:3      | Learned a level 2 spell: Searing Ray
  2014 | D:3      | Gained mutation: Your touch may inflict irresistible damage
                  | on your foes. [demonic ancestry]
  2014 | D:3      | Reached XP level 4. HP: 30/30 MP: 4/8
  2250 | D:3      | Reached skill level 5 in Conjurations
  2498 | D:3      | Killed from afar by an orc priest

Illustrated notes

Levels and vault maps discovered:
D:1:      spicycebolla_arrival_transporter_tutorial, layout_basic
D:2:      layout_basic, chequers_ecumenical_altar_twisty
D:3:      minmay_recursive_quarters, layout_basic, ashenzari_altar_1,
          nicolae_overflow_ecumenical_swirl, chequers_serial_rivers_micro_e,
          minmay_crystal_water, st_stairs_1, hangedman_glass_teeth,
          corner_web_ring, minmay_surrounded

Skill      XL: |  1  2  3  4 |
---------------+-------------+-----
Spellcasting   | 3 |  3.6
Conjurations   | 5 |  5.2
Dodging        | |  1.7
Stealth        | |  1.7

Action                     |  1- 3 |  4- 6 || total
---------------------------+-------+-------++-------
  Melee: Whip              |    25 |     1 ||    26
         Touch             |     4 |       ||     4
   Cast: Magic Dart        |    59 |    23 ||    82
         Searing Ray       |       |     4 ||     4
   Stab: Sleeping          |     1 |       ||     1
 Armour: Robe              |     8 |     2 ||    10
  Dodge: Dodged            |    22 |       ||    22
  Block: Other             |     3 |     1 ||     4

Table legend: (Time is in decaauts)
 A = Elapsed time spent in this place.
 B = Non-inter-level travel time spent in this place.
 C = Inter-level travel time spent in this place.
 D = Time resting spent in this place.
 E = Time spent auto-exploring this place.
 F = Levels seen in this place.
 G = Mean time per level.
                   A        B        C        D        E       F      G
               +--------+--------+--------+--------+--------+-----+--------+
         Total |   2501 |   2205 |    296 |      5 |   1944 |   3 |  833.7 |
       Dungeon |   2501 |   2205 |    296 |      5 |   1944 |   3 |  833.7 |
               +--------+--------+--------+--------+--------+-----+--------+

Top non-repeatable levels by time:
     D:1: 1121 daAuts
     D:2: 836 daAuts
     D:3: 543 daAuts

Levels and vault maps discovered:
D:1:      spicycebolla_arrival_transporter_tutorial, layout_basic
D:2:      layout_basic, chequers_ecumenical_altar_twisty
D:3:      minmay_recursive_quarters, layout_basic, ashenzari_altar_1,
          nicolae_overflow_ecumenical_swirl, chequers_serial_rivers_micro_e,
          minmay_crystal_water, st_stairs_1, hangedman_glass_teeth,
          corner_web_ring, minmay_surrounded

Table legend: (Time is in decaauts)
 A = Elapsed time spent in this place.
 B = Non-inter-level travel time spent in this place.
 C = Inter-level travel time spent in this place.
 D = Time resting spent in this place.
 E = Time spent auto-exploring this place.
 F = Levels seen in this place.
 G = Mean time per level.
                   A        B        C        D        E       F      G
               +--------+--------+--------+--------+--------+-----+--------+
         Total |   2501 |   2205 |    296 |      5 |   1944 |   3 |  833.7 |
       Dungeon |   2501 |   2205 |    296 |      5 |   1944 |   3 |  833.7 |
               +--------+--------+--------+--------+--------+-----+--------+

Top non-repeatable levels by time:
     D:1: 1121 daAuts
     D:2: 836 daAuts
     D:3: 543 daAuts

Table legend:
 A = Kills in this place as a percentage of kills in the entire game.
 B = Kills by you in this place as a percentage of kills by you in the entire game.
 C = Kills by friends in this place as a percentage of kills by friends in the entire game.
 D = Other kills in this place as a percentage of other kills in the entire game.
 E = Experience gained in this place as a percentage of experience gained in the entire game.
 F = Experience gained in this place divided by the number of levels of this place that you have seen.
                   A       B       C       D       E      F
               +-------+-------+-------+-------+-------+----------------------
         Total | 100.0 | 100.0 |   N/A |   N/A | 100.0 |  63.0
       Dungeon | 100.0 | 100.0 |   N/A |   N/A | 100.0 |  63.0
               +-------+-------+-------+-------+-------+----------------------
